 Dungeon Crawl Stone Soup version 0.30.1-11-g7821555f0a (webtiles) character file.

Game seed: 1141234500195558201

2 YourEye the Sneak (level 1, 12/17 HPs)
             Began as a Gnoll Wanderer on Oct 30, 2023.
             Quit the game on level 1 of the Dungeon.
             The game lasted 00:01:43 (38 turns).

YourEye the Sneak (Gnoll Wanderer)                    Turns: 38, Time: 00:01:43

Health: 12/17      AC:  6    Str: 11    XL:     1   Next: 30%
Magic:  1/1        EV: 10    Int: 10    God:
Gold:   0          SH:  0    Dex: 12    Spells: 0/0 levels left

rFire   . . .        d - +0 sling
rCold   . . .        (no shield)
rNeg    . . .        e - +0 ring mail
rPois   .            (no helmet)
rElec   .            (no cloak)
rCorr   .            (no gloves)
SInv    .            (no boots)
Will    .....        (no amulet)
Stlth   +++          (no ring)
HPRegen 0.22/turn    (no ring)
MPRegen 0.07/turn

%: no passive effects
@: hasted, very quick
A: fangs 1, strong nose, distributed training
a: no special abilities


You were on level 1 of the Dungeon.
You visited 1 branch of the dungeon, and saw 1 of its levels.

Inventory:

Hand Weapons
 a - a +0 dagger
 d - a +0 sling (weapon)
Missiles
 b - an atropa-tipped dart
Armour
 e - a +0 ring mail (worn)


   Skills:
 + Level 2.3 Fighting
 + Level 0.0 Short Blades
 + Level 0.0 Long Blades
 + Level 0.0 Axes
 + Level 0.0 Maces & Flails
 + Level 0.0 Polearms
 + Level 0.0 Staves
 + Level 4.4 Ranged Weapons
 + Level 0.0 Throwing
 + Level 6.4 Armour
 + Level 0.0 Dodging
 + Level 7.7 Stealth
 + Level 0.0 Shields
 + Level 0.0 Unarmed Combat
 + Level 0.0 Spellcasting
 + Level 0.0 Conjurations
 + Level 0.0 Hexes
 + Level 0.0 Summonings
 + Level 0.0 Necromancy
 + Level 0.0 Translocations
 + Level 0.0 Transmutations
 + Level 0.0 Fire Magic
 + Level 0.0 Ice Magic
 + Level 0.0 Air Magic
 + Level 0.0 Earth Magic
 + Level 0.0 Poison Magic
 + Level 0.1 Invocations
 + Level 0.0 Evocations


You couldn't memorise any spells.
You didn't know any spells.
Your spell library was empty.

Dungeon Overview and Level Annotations

Branches:
Dungeon (1/15)

Altars:


Innate Abilities, Weirdness & Mutations

You have very sharp teeth.
Your uncanny sense of smell can sniff out nearby items.
Your experience applies equally to all skills.


Message History

The frilled lizard flies into a frenzy!
Throw: dart (datura)
Press: ? - help, Q - select action, (/) - cycle Shift-Dir - straight line, f/p - frilled lizard
Aim: a frilled lizard (fast, strong, frenzied and insane, 38% to hit, immune)
You throw a datura-tipped dart.
The datura-tipped dart closely misses the frilled lizard.
The frilled lizard barely misses you.
You shoot a sling bullet.
The sling bullet barely misses the frilled lizard.
The frilled lizard misses you. The frilled lizard closely misses you.
The frilled lizard hisses angrily.
The frilled lizard bites you but does no damage.
You shoot a sling bullet.
The sling bullet hits the frilled lizard.
You kill the frilled lizard!
Fire: d) +0 sling
Press: ? - help, Q - select action, (/) - cycle Shift-Dir - straight line, f - goblin
Aim: a goblin, wielding a +0 club (50% to hit)
You shoot a sling bullet. The sling bullet hits the goblin.
The goblin is heavily wounded.
The goblin hits you with a +0 club.
You see here a +0 mace.
The goblin hits you with a +0 club. The goblin barely misses you.
The goblin closely misses you.
You see here a scroll labelled VOOSUE JYFAV.
The goblin closely misses you. The goblin hits you with a +0 club.
You shoot a sling bullet. The sling bullet hits the goblin.
The goblin is heavily wounded.
The goblin misses you. The goblin hits you but does no damage.
You shoot a sling bullet. The sling bullet hits the goblin!
You kill the goblin!
Things that are here:
a +0 club; a goblin corpse Unknown command.
Unknown command.
Unknown command.
You feel yourself speed up.
Are you sure you want to abandon this character and quit the game? (Confirm with "yes".)

#.. #.# #(#
#######(#### ###
#..........# #..
+........# #
#.####........# .
#.#...........#
.#####.#.##....)@?.#
........[........#.#
..#######...##.....#
#.#.........#####......
#.#.####.##.# .?####
#.#.#<.#.##.# ...#
#.#.#..#.##.# .#.#
#.#.##.#.##.# ##..
#.#....#.##.# ###


There were no monsters in sight!

Vanquished Creatures
  A goblin (D:1)
  A frilled lizard (D:1)
2 creatures vanquished.

Notes
Turn   | Place    | Note
-------+----------+-------------------------------------------
     0 | D:1      | YourEye the Gnoll Wanderer began the quest for the Orb.
     0 | D:1      | YourEye set off with the following items: a +0 dagger, an
                  | atropa-tipped dart, 2 datura-tipped darts, a +0 sling, a +0
                  | ring mail, a potion of haste.
     0 | D:1      | Reached XP level 1. HP: 17/17 MP: 1/1
    38 | D:1      | Quit the game

Illustrated notes

Levels and vault maps discovered:
D:1:      zelgadis_glass_arrival_small, layout_basic, serial_forest,
          infiniplex_forest_lined_room_2, infiniplex_forest_lined_ring,
          infiniplex_forest_end_2, infiniplex_forest_clump_curved,
          infiniplex_forest_zigzag_1, infiniplex_forest_lined_1,
          infiniplex_forest_lined_3

Action                     || total
---------------------------++-------
   Fire: Sling             ||     5
  Throw: Dart              ||     2
    Use: Potion            ||     1
 Armour: Ring mail         ||     2
  Dodge: Dodged            ||     7
